 Dungeon Crawl Stone Soup version 0.31-a0-986-g5e6e4ef867 (webtiles) character file.

Game seed: 15541201488479066024

1108 Dittersdorf the Shield-Bearer (level 8, 0/51 HPs)
             Began as a Gargoyle Fighter on Nov 3, 2023.
             Slain by an orc wizard
             ... wielding a +0 scimitar
              (4 damage)
             ... on level 5 of the Dungeon.
             The game lasted 00:05:02 (3831 turns).

Dittersdorf the Shield-Bearer (Gargoyle Fighter)    Turns: 3831, Time: 00:05:02

Health: 0/51       AC: 18    Str: 22    XL:     8   Next: 33%
Magic:  8/8        EV: 10    Int:  9    God:
Gold:   246        SH:  5    Dex:  9    Spells: 7/7 levels left

rFire   . . .        a - +0 flail
rCold   . . .        c - +0 buckler
rNeg    + . .        o - +3 ring mail
rPois   ∞            q - +0 helmet
rElec   +            k - +0 cloak
rCorr   .            b - +0 pair of gloves
SInv    +            (no boots)
Will    .....        (no amulet) Stlth
                     s - ring of see invisible
HPRegen 0.28/turn    (no ring)
MPRegen 0.11/turn

%: no passive effects
@: no status effects
A: sickness immunity, AC +5, negative energy resistance 1, electricity
resistance, torment resistance 1, petrification resistance
a: no special abilities


You were on level 5 of the Dungeon.
You visited 1 branch of the dungeon, and saw 5 of its levels.

You collected 246 gold pieces.

Inventory:

Hand Weapons
 a - a +0 flail (weapon)
Armour
 b - a +0 pair of gloves (worn)
 c - a +0 buckler (worn)
 k - a +0 cloak (worn)
 o - a +3 ring mail (worn)
 q - a +0 helmet (worn)
 r - a +3 plate armour
Jewellery
 s - a ring of see invisible (left hand)
Wands
 m - a wand of flame (20) (quivered)
Scrolls
 e - 3 scrolls of identify {unknown}
 f - 2 scrolls of teleportation {unknown}
 g - 2 scrolls of fear {unknown}
 j - a scroll of summoning
 n - a scroll of blinking {unknown}
 p - a scroll of enchant armour {unknown}
 t - a scroll of brand weapon {unknown}
Potions
 d - a potion of might
 h - a potion of attraction {unknown}
 i - a potion of lignification {unknown}
 l - a potion of curing {unknown}


   Skills:
 + Level 6.1 Fighting
 + Level 5.0 Maces & Flails
 + Level 6.2 Armour
 + Level 6.2 Shields


You had 7 spell levels left.
You didn't know any spells.
Your spell library contained the following spells:

 Spells                   Type           Power      Damage    Failure   Level
 Slow                     Hex            0%         N/A       58%         1
 Confusing Touch          Hex            0%         N/A       92%         3
 Sigil of Binding         Hex            0%         N/A       92%         3
 Vampiric Draining        Necr           0%         2d6       92%         3


Dungeon Overview and Level Annotations

Branches:
Dungeon (5/15)             Temple (0/1) D:5

Altars:

Shops:
D:5 *


Innate Abilities, Weirdness & Mutations

You are immune to sickness and miasma.
Your stone body is resilient. (AC +5)
You are immune to poison.
You resist negative energy. (rN+)
You are resistant to electric shocks. (rElec)
You are resistant to unholy torment.
You are immune to petrification.


Message History

* * * LOW HITPOINT WARNING * * *
You barely miss the orc.
The orc is heavily wounded.
The orc wizard barely misses you. You block the orc's attack.
You hit the orc.
You kill the orc!
The orc wizard points at you and mumbles some strange words.
The puff of flame hits you but does no damage.
You hit the orc priest.
The orc priest is lightly wounded.
You block the orc wizard's attack. The orc priest closely misses you.
The orc wizard closely misses you.
The orc priest hits you but does no damage.
You barely miss the orc priest. The orc wizard closely misses you.
The orc priest hits you with a +0 flail.
You completely miss the orc priest. You block the orc wizard's attack.
The orc priest barely misses you.
You hit the orc priest.
The orc priest is lightly wounded.
The orc wizard hits you but does no damage.
The orc priest hits you with a +0 flail.
* * * LOW HITPOINT WARNING * * *
You closely miss the orc priest.
The orc priest is lightly wounded.
The orc wizard hits you but does no damage.
The orc priest misses you.
You hit the orc priest.
The orc priest is lightly wounded.
The orc wizard hits you but does no damage.
The orc priest hits you with a +0 flail!
* * * LOW HITPOINT WARNING * * *
You closely miss the orc priest.
The orc priest is lightly wounded.
The orc wizard points at you and mumbles some strange words.
The magic dart hits you but does no damage.
The orc priest misses you.
You closely miss the orc priest.
The orc priest is lightly wounded.
The orc wizard hits you with a +0 scimitar.
You die...

### ####
....#####... .
........#.## ..
#.......... .>
#.####..### .. #.
#..... ##. #. #..###
###...#### #. ##..#
.......o@# #. #...#
###>..##o#
##.###.#.# ##.
#.#####...##.#.# #
#.#.....#.....#.
#.#.# #..[##.#.##
#?.###.#.#
##.###.###
.)........# #.....#
.#.####...#######..#
.............)#..#


You could see an orc priest and an orc wizard (invisible).

Vanquished Creatures
  A water moccasin (D:5)
  An ice beast (D:5)
  A phantom (D:4)
  4 scorpions
  5 wights
  A howler monkey (D:5)
  A sleepcap (D:4)
  An iguana (D:5)
  2 orc wizards (D:4)
  10 adders
  An ufetubus (D:5)
  3 worms
  5 dart slugs
  13 orcs
  6 ball pythons
  7 bats
  4 endoplasms
  4 giant cockroaches
  7 goblins
  11 hobgoblins
  8 jackals (D:3)
  3 kobolds
  A quokka (D:2)
  A frilled lizard (D:2)
  4 rats
105 creatures vanquished.

Notes
Turn   | Place    | Note
-------+----------+-------------------------------------------
     0 | D:1      | Dittersdorf the Gargoyle Fighter began the quest for the
                  | Orb.
     0 | D:1      | Reached XP level 1. HP: 14/14 MP: 1/1
   120 | D:1      | Reached XP level 2. HP: 19/19 MP: 2/2
   405 | D:2      | Reached XP level 3. HP: 19/24 MP: 3/3
   566 | D:2      | Reached XP level 4. HP: 29/29 MP: 4/4
   996 | D:2      | Reached XP level 5. HP: 33/33 MP: 5/5
  1351 | D:3      | Found a faded altar of an unknown god.
  2098 | D:4      | Reached XP level 6. HP: 39/39 MP: 6/6
  2704 | D:4      | Reached skill level 5 in Shields
  2709 | D:4      | Reached skill level 5 in Armour
  2747 | D:4      | Reached skill level 5 in Fighting
  2747 | D:4      | Reached XP level 7. HP: 20/44 MP: 7/7
  3059 | D:5      | Entered Level 5 of the Dungeon
  3557 | D:4      | Reached XP level 8. HP: 22/51 MP: 8/8
  3693 | D:5      | Reached skill level 5 in Maces & Flails
  3763 | D:5      | Found Danuruh's General Store.
  3797 | D:5      | Found a staircase to the Ecumenical Temple.
  3831 | D:5      | Slain by an orc wizard

Illustrated notes

Levels and vault maps discovered:
D:1:      mainiacjoe_arrival_oval_in_oval, layout_basic
D:2:      layout_basic
D:3:      layout_basic, nicolae_ecumenical_lake_church
D:4:      layout_loops_corners
D:5:      layout_loops_ring, minmay_temple_entry_offerings, serial_shops,
          nicolae_shop_trees, kennysheep_generic_room_4

Skill      XL: |  1  2  3  4  5  6  7  8 |
---------------+-------------------------+-----
Armour         | 4 5 6 |  6.2
Shields        | 4 5 6 |  6.2
Fighting       | 4 5 6 |  6.1
Maces & Flails | 3 4 5 |  5.0

Action                     |  1- 3 |  4- 6 |  7- 9 || total
---------------------------+-------+-------+-------++-------
  Melee: Flail             |    88 |   190 |   166 ||   444
    Use: Scroll            |       |     1 |     1 ||     2
 Armour: Scale mail        |    69 |   115 |       ||   184
         Chain mail        |       |    61 |     2 ||    63
         Ring mail         |       |       |   121 ||   121
  Dodge: Dodged            |    52 |    82 |    87 ||   221
  Block: Buckler           |    34 |    52 |    54 ||   140

Table legend: (Time is in decaauts)
 A = Elapsed time spent in this place.
 B = Non-inter-level travel time spent in this place.
 C = Inter-level travel time spent in this place.
 D = Time resting spent in this place.
 E = Time spent auto-exploring this place.
 F = Levels seen in this place.
 G = Mean time per level.
                   A        B        C        D        E       F      G
               +--------+--------+--------+--------+--------+-----+--------+
         Total |   3944 |   3806 |    138 |    392 |   2453 |   5 |  788.8 |
       Dungeon |   3944 |   3806 |    138 |    392 |   2453 |   5 |  788.8 |
               +--------+--------+--------+--------+--------+-----+--------+

Top non-repeatable levels by time:
     D:4: 1317 daAuts
     D:2: 840 daAuts
     D:3: 782 daAuts
     D:5: 609 daAuts
     D:1: 394 daAuts
